 Dungeon Crawl Stone Soup version 0.31-a0-744-gbc345e7fcb (webtiles) character file.

Game seed: 627353360533912656

192190 Wurlitzer the Tortoise (level 18, -3/119 HPs)
             Began as a Gargoyle Gladiator on Sept 12, 2023.
             Was a High Priest of Okawaru.
             Slain by a salamander tyrant (24 damage)
             ... on level 3 of the Snake Pit on Sept 14, 2023.
             The game lasted 02:46:56 (38076 turns).

Wurlitzer the Tortoise (Gargoyle Gladiator)        Turns: 38076, Time: 02:46:57

Health: -3/119     AC: 58    Str: 25    XL:     18   Next: 22%
Magic:  20/29      EV: 10    Int: 10    God:    Okawaru [*****.]
Gold:   653        SH:  5    Dex: 14    Spells: 10/17 levels left

rFire   . .          .
                       - Unarmed
rCold   . . .        (no shield)
rNeg    + . .        O - +18 Lear's hauberk
rPois   ∞            (helmet currently unavailable)
rElec   +            g - +0 cloak of the First Snow {Dex+3 Slay+2}
rCorr   .            (gloves currently unavailable)
SInv    .            (boots currently unavailable)
Will    +....        d - amulet of reflection Stlth
                     a - +4 ring of protection
HPRegen 0.39/turn    t - +4 ring of protection
MPRegen 0.21/turn

%: reflection
@: heroic, finesse-ful, flying, constricted, studying Translocations
A: sickness immunity, AC +13, big wings, negative energy resistance 1,
electricity resistance, torment resistance 1, petrification resistance
}: 1/15 runes: barnacled
a: Renounce Religion, Heroism, Finesse, Duel


You were on level 3 of the Snake Pit.
You worshipped Okawaru.
Okawaru was extremely pleased with you.
You visited 6 branches of the dungeon, and saw 30 of its levels.
You also visited: Sewer.

You collected 2928 gold pieces.
You spent 2275 gold pieces at shops.

Inventory:

Missiles
 c - 7 throwing nets
 l - 11 javelins (quivered)
 p - 44 boomerangs
 w - 22 poisoned darts
 C - 15 curare-tipped darts
 J - 126 stones
 L - 5 atropa-tipped darts
 N - 4 silver javelins
Armour
 g - the +0 cloak of the First Snow (worn) {Dex+3 Slay+2}
   (You acquired it on level 13 of the Dungeon)

   Dex+3:     It affects your dexterity (+3).
   Slay+2:    It affects your accuracy & damage with ranged weapons and melee
   (+2).
 O - the +18 Lear's hauberk (worn)
   (Okawaru gifted it to you on level 12 of the Dungeon)
Jewellery
 a - a +4 ring of protection (left hand)
 d - an amulet of reflection (around neck)
 h - a +6 ring of dexterity
 m - a ring of protection from fire
 t - a +4 ring of protection (right hand)
 F - an amulet of magic regeneration
 H - a ring of resist corrosion
 P - a +6 ring of strength
 Q - a ring of see invisible
 T - an amulet of regeneration
 X - a +6 ring of intelligence
 Z - a ring of wizardry
Wands
 E - a wand of digging (11)
 I - a wand of quicksilver (20)
 K - a wand of flame (26)
 M - a wand of roots (10)
 S - a wand of polymorph (7)
Scrolls
 b - 2 scrolls of immolation
 j - 5 scrolls of identify
 k - 5 scrolls of fog
 r - a scroll of blinking
 s - 7 scrolls of teleportation
 y - 4 scrolls of amnesia
 A - 6 scrolls of vulnerability
 G - a scroll of revelation
 R - 2 scrolls of enchant armour
 U - a scroll of poison
Potions
 e - 4 potions of enlightenment
 f - 3 potions of berserk rage
 i - 2 potions of mutation
 n - a potion of cancellation
 o - 5 potions of haste
 q - a potion of brilliance
 u - 7 potions of attraction
 x - 2 potions of might
 B - 4 potions of invisibility
 D - a potion of ambrosia
 V - a potion of curing
 W - a potion of resistance
 Y - 2 potions of heal wounds


   Skills:
 - Level 15.0(20.0) Fighting
 - Level 8.8(13.8) Throwing
 - Level 20.0(25.0) Armour
 - Level 2.4(7.4) Dodging
 * Level 17.7(22.7) Unarmed Combat
 + Level 11.5 Translocations
 - Level 15.0 Invocations


You had 10 spell levels left.
You knew the following spells:

 Your Spells              Type           Power      Damage    Failure   Level
a - Manifold Assault      Tloc           23%        N/A       8%          4
b - Teleport Other        Tloc           23%        N/A       2%          3

Your spell library contained the following spells:

 Spells                   Type           Power      Damage    Failure   Level
 Apportation              Tloc           46%        N/A       1%          1
 Gell's Gravitas          Tloc           23%        N/A       2%          3
 Volatile Blastmotes      Fire/Tloc      22%        2d11      24%         3
 Iskenderun's Mystic Bla  Conj/Tloc      11%        2d4       61%         4
 Necrotise                Necr           0%         1d4       63%         1
 Shock                    Conj/Air       0%         1d3       63%         1
 Dispersal                Tloc           11%        N/A       75%         6
 Ensorcelled Hibernation  Hex/Ice        0%         N/A       77%         2
 Jinxbite                 Hex            0%         N/A       77%         2
 Static Discharge         Conj/Air       0%         2-2/arc   77%         2
 Wereblood                Tmut           0%         N/A       77%         2
 Hailstorm                Conj/Ice       0%         3d3       94%         3
 Ignite Poison            Fire/Tmut/Pois 0%         N/A       94%         3
 Swiftness                Air            0%         N/A       94%         3
 Airstrike                Air            0%         2d(0-16)  100%        4
 Anguish                  Hex/Necr       0%         N/A       100%        4
 Fulminant Prism          Conj/Hex       0%         3d5       100%        4
 Petrify                  Tmut/Erth      0%         N/A       100%        4
 Alistair's Intoxication  Tmut/Pois      0%         N/A       100%        5
 Fireball                 Conj/Fire      0%         3d3       100%        5
 Freezing Cloud           Conj/Ice/Air   0%         6-21      100%        5
 Irradiate                Conj/Tmut      0%         3d11      100%        5
 Iskenderun's Battlesphe  Conj           0%         2d6       100%        5
 Conjure Ball Lightning   Conj/Air       0%         3x3d6     100%        6
 Orb of Destruction       Conj           0%         9d5       100%        7
 Disjunction              Tloc           11%        N/A       100%        8
 Summon Small Mammal      Summ           Unusable   N/A       N/A         1
 Cigotuvi's Dreadful Rot  Necr/Pois/Air  Unusable   N/A       N/A         2
 Sublimation of Blood     Necr           Unusable   N/A       N/A         2
 Summon Ice Beast         Ice/Summ       Unusable   N/A       N/A         4
 Summon Lightning Spire   Summ/Air       Unusable   N/A       N/A         4
 Simulacrum               Ice/Necr       Unusable   N/A       N/A         6

Dungeon Overview and Level Annotations

Branches:
Dungeon (15/15)            Temple (1/1) D:7            Lair (5/5) D:10
 Shoals (4/4) Lair:2        Snake (3/4) Lair:2        Slime (0/5) Lair:4
    Orc (2/2) D:10            Elf (0/3) Orc:2        Vaults (0/5) D:14
 Depths (0/4) D:15          Sewer (visited)

Altars:
Ashenzari
Cheibriados
Dithmenos
Elyvilon
Fedhas
Gozag
Hepliaklqana
Kikubaaqudgha
Makhleb
Nemelex Xobeh
Okawaru
Qazlal
Ru
Sif Muna
Trog
Uskayaw
Vehumet
Wu Jian
Xom
Yredelemnul
Zin
The Shining One
Jiyva

Shops:
D:9 *   D:12 **   Orc:1 [   Orc:2 !?!*   Shoals:1 *   Shoals:2 *
Shoals:4 (!!(:[

Annotations:
D:15 2 transporters, Roxanne; Tewoziw's ghost, journeyman FoFi
Lair:1 Gastronok!, Gastronok
Shoals:4 2 transporters, purpskrrrp's ghost, journeyman DgFi


Innate Abilities, Weirdness & Mutations

You are immune to sickness and miasma.
Your stone body is resilient. (AC +13)
You are immune to poison.
Your large and strong wings let you fly.
You resist negative energy. (rN+)
You are resistant to electric shocks. (rElec)
You are resistant to unholy torment.
You are immune to petrification.


Message History

The naga warrior is lightly wounded.
You block the naga's attack. The naga grabs you. The naga constricts you.
The naga warrior hits you but does no damage.
The salamander hits you but does no damage.
You punch the naga warrior!
The naga warrior is lightly wounded.
The naga spits poison at you.
The splash of poison hits you but does no damage.
You resist.
The salamander tyrant hits you but does no damage.
You hit the naga warrior.
The naga warrior is moderately wounded.
You pummel the naga warrior!!
The naga warrior is heavily wounded.
The salamander hits you but does no damage.
The naga warrior hits you with a +0 halberd.
* * * LOW HITPOINT WARNING * * *
The naga barely misses you. The naga constricts you.
You pummel the naga warrior!! Your punch misses the naga warrior.
The naga warrior is severely wounded.
You pummel the naga warrior!!
You kill the naga warrior!
Okawaru accepts your kill.
The salamander tyrant hits you but does no damage.
The naga hits you with a +0 mace.
* * * LOW HITPOINT WARNING * * *
The salamander barely misses you.
Okay, then.
Cast which spell? (? or * to list)
You don't know that spell.
Cast which spell? (? or * to list)
Aiming: Teleport Other (mildly dangerous; 2% risk of failure)
Press: ? - help, Shift-Dir - straight line, f - salamander tyrant
Aim: a salamander tyrant (strong, chance to affect: 28%)
The salamander tyrant easily resists.
The salamander closely misses you. The naga closely misses you.
The naga constricts you. The naga hits you but does no damage.
The salamander tyrant hits you!
* * * LOW HITPOINT WARNING * * *
You are engulfed in flames!!
You die...

#...##... #.†.....#
#...#####.
#...#...# ....#
#...#...... ⌠..##
##...##..⌠.. ..##
#.....##...# ###
####..>...##### .
#............. ..
#..###NN.#......
... # #)@N.#.......
...
......S##N#........
..# .......
#.#...<.... ....#..
#......... ... #.S
.#..... .§ #..
..##... . .N. ..
... ..


You could see a salamander tyrant (strong), a salamander (fast, strong), a
guardian serpent and 2 nagas.

Vanquished Creatures
  Mara (Shoals:4)
  Bai Suzhen (Arena)
  Polyphemus (Shoals:2)
  A kraken (Shoals:4)
  Aizul (Shoals:4)
  A nagaraja (Snake:2)
  An ironbound thunderhulk (D:14)
  A dire elephant (D:15)
  An ettin (Orc:1)
  6 merfolk impalers
  3 merfolk javelineers (Shoals:4)
  Snorg (Lair:5)
  A rakshasa (D:14)
  4 ogre magi
  A boulder beetle (D:15)
  3 centaur warriors
  2 catoblepae
  5 hydras
  6 anacondas
  A vault guard (D:14)
  3 merfolk aquamancers
  A satyr (Shoals:4)
  8 merfolk avatars
  3 alligator snapping turtles (Shoals:4)
  Erica (Lair:1)
  4 naga warriors
  18 two-headed ogres
  A tengu warrior (D:14)
  5 death yaks
  2 naga sharpshooters
  An orc high priest (Orc:2)
  2 shock serpents
  Sonja (Lair:4)
  A skeletal warrior (D:14)
  2 skysharks
  A salamander mystic (Snake:3)
  11 sea snakes
  A lindwurm (Lair:4)
  4 naga ritualists
  Pikel (D:4)
  A wizard (D:15)
  6 mana vipers
  3 deep elf pyromancers
  18 harpies
  2 orc sorcerers
  7 fauns
  21 ugly things
  5 cyclopes
  9 salamanders
  8 manticores
  23 black mambas
  14 elephants
  2 centaur zombies (D:10)
  5 merfolk sirens
  A guardian serpent (Snake:2)
  Maurice (D:13)
  A torpor snail (Lair:5)
  11 naga magi
  5 cane toads
  A gargoyle (D:11)
  5 water nymphs
  Maggie (D:8)
  An unseen horror (D:11)
  An unseen horror zombie (D:10)
  2 efreet (D:14)
  6 komodo dragons
  4 rime drakes
  2 freezing wraiths
  A tengu conjurer (D:14)
  31 merfolk
  A kobold demonologist (D:10)
  7 trolls
  4 polar bears
  2 meliai zombies (D:10)
  5 wind drakes
  A tarantella (shapeshifter) (D:15)
  6 hornets
  15 snapping turtles
  26 blink frogs
  6 dream sheep
  8 slime creatures
  Sigmund (D:4)
  2 wyverns
  2 vampires
  40 yaks
  10 spriggans (Lair:5)
  16 water elementals
  2 wraiths
  Eustachio (D:6)
  2 humans (D:14)
  3 basilisks
  18 vampire mosquitoes
  Menkaure (D:4)
  2 steam dragons (D:4)
  Edmund (D:4)
  19 nagas
  An acid dragon (D:13)
  10 water moccasins
  Duvessa (D:4)
  15 orc warriors
  A sky beast (D:7)
  8 ice beasts
  9 black bears
  22 ogres
  33 wolves
  4 boggarts (Lair:5)
  6 centaurs
  3 lemures (D:4)
  Blork the orc (D:4)
  A kobold brigand (D:7)
  16 bullfrogs
  A gnoll sergeant (D:9)
  4 necrophages (D:10)
  4 scorpions
  9 wights
  Dowan (D:4)
  20 killer bees
  5 electric eels
  4 howler monkeys
  6 jellies
  A human zombie (D:10)
  Crazy Yiuf (D:6)
  16 orc priests
  3 gnoll boudas
  3 hounds
  3 sleepcaps
  Natasha (thrice) (D:3)
  6 iguanas
  21 orc wizards
  A mummy (D:5)
  2 howler monkey zombies (D:10)
  12 adders
  21 gnolls
  3 white imps
  2 dart slugs
  80 orcs
  19 ball pythons
  7 bats
  15 endoplasms
  11 giant cockroaches
  6 goblins
  13 hobgoblins
  5 jackals
  11 kobolds
  12 quokkas
  10 frilled lizards
  10 rats
  3 tentacles (Shoals:4)
997 creatures vanquished.

Vanquished Creatures (others)
  An endoplasm (D:4)
  13 tentacles (Shoals:4)
14 creatures vanquished.

Grand Total: 1011 creatures vanquished

Notes
Turn   | Place    | Note
-------+----------+-------------------------------------------
     0 | D:1      | Wurlitzer the Gargoyle Gladiator began the quest for the
                  | Orb.
     0 | D:1      | Reached XP level 1. HP: 12/12 MP: 1/1
   223 | D:1      | Reached skill level 1 in Armour
   223 | D:1      | Reached XP level 2. HP: 18/18 MP: 2/2
   635 | D:1      | Reached XP level 3. HP: 23/23 MP: 3/3
   658 | D:1      | Reached skill level 2 in Armour
  1193 | D:2      | Reached XP level 4. HP: 28/28 MP: 4/4
  1712 | D:3      | Noticed Natasha
  1722 | D:3      | Killed Natasha
  1723 | D:3      | Reached skill level 3 in Armour
  1743 | D:3      | Found a faded altar of an unknown god.
  1858 | D:3      | Found a blossoming altar of Fedhas.
  1866 | D:3      | Noticed Natasha
  1877 | D:3      | Killed Natasha
  1878 | D:3      | Reached XP level 5. HP: 23/33 MP: 5/5
  1998 | D:3      | Found a glowing drain.
  2002 | Sewer    | Entered a sewer
  2494 | Sewer    | Reached skill level 4 in Armour
  2606 | Sewer    | HP: 1/34 [bullfrog (4)]
  2613 | Sewer    | Reached skill level 5 in Fighting
  2613 | Sewer    | Reached XP level 6. HP: 16/40 MP: 6/6
  2876 | Sewer    | Reached skill level 5 in Armour
  2960 | D:3      | Found a faded altar of an unknown god.
  2963 | D:3      | Found a glowing golden altar of the Shining One.
  3234 | D:3      | Noticed Natasha
  3249 | D:3      | Killed Natasha
  3473 | D:3      | Found a sacrificial altar of Ru.
  3539 | D:4      | Noticed Pikel
  3539 | D:4      | Noticed Duvessa
  3539 | D:4      | Noticed Dowan
  3601 | D:5      | Entered Level 5 of the Dungeon
  3601 | D:5      | Noticed a black bear
  3602 | D:5      | Found a snail-covered altar of Cheibriados.
  3677 | D:5      | Killed a black bear
  3678 | D:5      | Reached XP level 7. HP: 30/44 MP: 7/7
  4162 | D:5      | Reached skill level 6 in Armour
  4380 | D:5      | Reached skill level 5 in Unarmed Combat
  4380 | D:5      | Reached XP level 8. HP: 23/51 MP: 8/8
  5021 | D:6      | Noticed Eustachio
  5039 | D:6      | Killed Eustachio
  5401 | D:6      | Reached skill level 7 in Armour
  5588 | D:6      | Reached XP level 9. HP: 57/57 MP: 9/9
  6002 | D:6      | Found a runed translucent door.
  6003 | D:6      | Noticed Crazy Yiuf
  6181 | D:6      | Killed Crazy Yiuf
  6359 | D:4      | Noticed Blork the orc
  6385 | D:4      | Killed Blork the orc
  6491 | D:4      | Noticed Menkaure
  6499 | D:4      | Killed Menkaure
  6615 | D:4      | Found a bloodstained altar of Trog.
  6918 | D:7      | Reached skill level 8 in Armour
  7211 | D:7      | Found a staircase to the Ecumenical Temple.
  7257 | Temple   | Entered the Ecumenical Temple
  7265 | Temple   | Became a worshipper of Warmaster Okawaru
  7289 | D:7      | Found an opulent altar of Gozag.
  7289 | D:7      | Found a shimmering altar of Xom.
  7434 | D:7      | Reached XP level 10. HP: 58/64 MP: 10/10
  7454 | D:7      | Found a hazy altar of Hepliaklqana.
  7658 | D:7      | Reached * piety under Okawaru
  8263 | D:8      | Identified the +8 war axe "Gutiem" {drain, Drain Str+5
                  | Stlth+}
  8398 | D:8      | Noticed Maggie
  8432 | D:8      | Killed Maggie
  8432 | D:8      | Reached ** piety under Okawaru
  8433 | D:8      | Reached skill level 9 in Armour
  8433 | D:8      | Reached skill level 10 in Unarmed Combat
  9278 | D:9      | Found Syalliq's Island Escapes.
  9581 | D:9      | Noticed a two-headed ogre
  9616 | D:9      | Killed a two-headed ogre
  9772 | D:9      | Reached *** piety under Okawaru
  9800 | D:9      | Reached XP level 11. HP: 58/72 MP: 11/11
 10265 | D:9      | Found a burning altar of Makhleb.
 10265 | D:9      | Found an ancient bone altar of Kikubaaqudgha.
 10266 | D:9      | Found a sparkling altar of Nemelex Xobeh.
 10389 | D:4      | Killed Pikel
 10390 | D:4      | Reached skill level 10 in Fighting
 10390 | D:4      | Reached skill level 10 in Armour
 10422 | D:4      | Killed Duvessa
 10428 | D:4      | Killed Dowan
 10653 | D:4      | Noticed Edmund
 10664 | D:4      | Killed Edmund
 10689 | D:4      | Noticed Sigmund
 10697 | D:4      | Killed Sigmund
 10812 | D:4      | Found a hide-covered altar of Uskayaw.
 10980 | D:9      | Bought a scroll of blinking for 112 gold pieces
 10982 | D:10     | Entered Level 10 of the Dungeon
 10997 | D:10     | Noticed a two-headed ogre
 11033 | D:10     | Killed a two-headed ogre
 11033 | D:10     | Reached **** piety under Okawaru
 11595 | D:10     | Found a staircase to the Lair.
 11724 | D:10     | Found a basalt altar of Yredelemnul.
 11778 | D:10     | Reached ***** piety under Okawaru
 11778 | D:10     | Received a gift from Okawaru
 11779 | D:10     | Reached skill level 11 in Armour
 11924 | D:10     | Found a shimmering blue altar of Sif Muna.
 12018 | D:10     | Found a staircase to the Orcish Mines.
 12296 | D:10     | Found a stormy altar of Qazlal.
 12412 | D:11     | Noticed a cyclops
 12530 | D:11     | Noticed a green ugly thing
 12560 | D:11     | Killed a green ugly thing
 12561 | D:11     | Reached skill level 5 in Throwing
 12789 | D:11     | Reached XP level 12. HP: 71/77 MP: 12/12
 12810 | D:11     | Reached skill level 12 in Armour
 13500 | D:11     | Received a gift from Okawaru
 13666 | D:12     | Reached skill level 1 in Invocations
 14047 | D:12     | Found Ziqurghu's Specific Store.
 14062 | D:12     | Found Nuos's General Store.
 14193 | D:12     | Received a gift from Okawaru
 14466 | D:12     | Received a gift from Okawaru
 14466 | D:12     | Found the +18 Lear's hauberk
 14467 | D:12     | Reached skill level 5 in Invocations
 15146 | D:13     | Noticed Maurice
 15170 | D:13     | Killed Maurice
 15411 | D:13     | Noticed a catoblepas
 15418 | D:13     | Killed a catoblepas
 15473 | D:13     | Identified the +2 sling "Fownit" {antimagic, rC- rN+ SInv
                  | Stlth+}
 15478 | D:13     | Noticed a centaur warrior
 15493 | D:13     | Killed a centaur warrior
 16034 | D:13     | Identified a scroll of acquirement
 16034 | D:13     | Acquired the +0 cloak of the First Snow {Dex+3 Slay+2}
 16104 | D:14     | Reached XP level 13. HP: 55/82 MP: 18/18
 16297 | D:14     | Acquired a manual of Armour
 16461 | D:15     | Entered Level 15 of the Dungeon
 16792 | D:15     | Received a gift from Okawaru
 16793 | D:15     | Reached skill level 13 in Armour
 16793 | D:15     | Reached skill level 10 in Invocations
 16802 | D:15     | Reached ****** piety under Okawaru
 16836 | D:15     | Identified the +1 great mace "Veacad" {flame, *Rage rElec
                  | Str+2}
 16836 | D:15     | Noticed a fire giant
 16987 | D:15     | Found a transporter.
 16988 | D:15     | Noticed Tewoziw's ghost (journeyman FoFi)
 16990 | D:15     | Noticed a frost giant
 16993 | D:15     | Found a transporter.
 17337 | D:15     | Noticed a dire elephant
 17553 | D:14     | Reached skill level 14 in Armour
 17557 | D:14     | Noticed a vault guard
 17575 | D:14     | Noticed an ironbound thunderhulk
 17578 | D:14     | Killed a vault guard
 17586 | D:14     | HP: 2/84 [fire elemental[a deep elf pyromancer] (13)]
 17587 | D:14     | Found a gate to the Vaults.
 18002 | D:14     | Noticed a rakshasa
 18018 | D:14     | Killed a rakshasa
 18018 | D:14     | Received a gift from Okawaru
 18290 | D:14     | Reached skill level 15 in Armour
 18319 | D:14     | Killed an ironbound thunderhulk
 18319 | D:14     | Received a gift from Okawaru
 18320 | D:14     | Gained mutation: Your large and strong wings let you fly.
                  | [Gargoyle growth]
 18320 | D:14     | Reached XP level 14. HP: 92/92 MP: 18/21
 18773 | D:15     | Killed a dire elephant
 18814 | D:15     | Received a gift from Okawaru
 18929 | D:15     | Noticed Roxanne
 18940 | D:15     | Found a staircase to the Depths.
 19127 | Orc:1    | Entered Level 1 of the Orcish Mines
 19465 | Orc:2    | Entered Level 2 of the Orcish Mines
 19479 | Orc:1    | Reached skill level 16 in Armour
 19620 | Orc:2    | Found a staircase to the Elven Halls.
 20107 | Orc:2    | Identified the +6 shortbow "Gargoyle's Regret" {speed, rF++
                  | Int-2 Dex+3} (Okawaru gifted it to you on level 2 of the
                  | Orcish Mines)
 20107 | Orc:2    | Received a gift from Okawaru
 20386 | Orc:2    | Paralysed by something for 5 turns
 20398 | Orc:1    | HP: 1/92 [two-headed ogre/+0 giant club (5)]
 20723 | Orc:2    | Found Nepog's Antique Armour Emporium.
 20745 | Orc:2    | Reached skill level 17 in Armour
 20753 | Orc:2    | Found Yvu Foen's Distillery.
 20753 | Orc:2    | Found Dosouf's General Store.
 20753 | Orc:2    | Found Qekukud's Magic Scroll Shop.
 21057 | Orc:2    | Bought a potion of heal wounds for 75 gold pieces
 21061 | Orc:2    | Bought a potion of haste for 150 gold pieces
 21082 | Orc:1    | Found Oqinainue's Armour Shoppe.
 21446 | Orc:2    | Found Ynumax's Distillery.
 21454 | Orc:2    | Bought a potion of might for 48 gold pieces
 21705 | Orc:2    | Upgraded the game from 0.31-a0-740-g87205ac768 to
                  | 0.31-a0-743-g45f7035092
 21796 | Lair:1   | Entered Level 1 of the Lair of Beasts
 21801 | D:10     | Received a gift from Okawaru
 22114 | Lair:1   | Noticed Gastronok
 22220 | Lair:1   | Received a gift from Okawaru
 22233 | Lair:2   | Reached XP level 15. HP: 93/100 MP: 23/23
 22242 | Lair:2   | Reached skill level 18 in Armour
 22442 | Lair:2   | Received a gift from Okawaru
 22465 | Lair:2   | Found a staircase to the Snake Pit.
 22954 | Lair:2   | Found a staircase to the Shoals.
 23772 | Lair:1   | Noticed Erica
 23780 | Lair:1   | Killed Erica
 24990 | Lair:4   | Noticed Sonja
 25236 | Lair:4   | Killed Sonja
 25236 | Lair:4   | Received a gift from Okawaru
 25332 | Lair:4   | Reached skill level 19 in Armour
 25483 | Lair:4   | Found a staircase to the Slime Pits.
 25550 | Lair:4   | Found a viscous altar of Jiyva.
 25706 | Lair:4   | Reached skill level 15 in Fighting
 25721 | Lair:4   | Received a gift from Okawaru
 26128 | Lair:5   | Entered Level 5 of the Lair of Beasts
 26195 | Lair:5   | Noticed Snorg
 26214 | Lair:5   | Killed Snorg
 26214 | Lair:5   | Received a gift from Okawaru
 26516 | Lair:5   | Identified the +0 robe of Bocul {Dex+4}
 27064 | Lair:5   | Received a gift from Okawaru
 27070 | Lair:5   | Upgraded the game from 0.31-a0-743-g45f7035092 to
                  | 0.31-a0-744-gbc345e7fcb
 27123 | Lair:5   | Reached XP level 16. HP: 108/108 MP: 26/26
 27695 | Lair:5   | Received a gift from Okawaru
 27814 | Shoals:1 | Entered Level 1 of the Shoals
 27828 | Shoals:1 | Reached skill level 20 in Armour
 28156 | Shoals:1 | Found Tyuhodyk's Tempting Trifles.
 28672 | Shoals:1 | Bought a manual of Translocations for 1440 gold pieces
 29243 | Shoals:2 | Found Meraesm's Overcharged Wands.
 29310 | Shoals:2 | Reached skill level 15 in Invocations
 29335 | Shoals:2 | Noticed Polyphemus
 29649 | Shoals:2 | Received a gift from Okawaru
 29973 | Shoals:2 | Reached skill level 1 in Translocations
 30195 | Shoals:2 | Killed Polyphemus
 31183 | Shoals:3 | Reached skill level 5 in Translocations
 31575 | Shoals:4 | Entered Level 4 of the Shoals
 31575 | Shoals:4 | Noticed Mara
 31575 | Shoals:4 | Found Vytru's Firing Range.
 31583 | Shoals:4 | Noticed Wurlitzer's illusion
 31747 | Shoals:4 | Killed Mara
 31765 | Shoals:4 | Reached XP level 17. HP: 97/113 MP: 24/28
 31766 | Shoals:4 | Noticed Aizul
 31792 | Shoals:4 | Killed Aizul
 31796 | Shoals:4 | Found Verel's Weapon Shoppe.
 31804 | Shoals:4 | Found Sawunememm's Book Emporium.
 31812 | Shoals:4 | Noticed Bai Suzhen
 31832 | Shoals:4 | Received a gift from Okawaru
 31992 | Shoals:4 | Found Cauptahu's Distillery.
 32065 | Shoals:4 | Bought a potion of heal wounds for 90 gold pieces
 32065 | Shoals:4 | Bought 2 potions of haste for 360 gold pieces
 32071 | Shoals:4 | Noticed purpskrrrp's ghost (journeyman DgFi)
 32072 | Shoals:4 | Found a bloodstained altar of Trog.
 32089 | Shoals:4 | Reached skill level 15 in Unarmed Combat
 32763 | Arena    | Entered the Arena
 32779 | Arena    | Killed Bai Suzhen
 33040 | Shoals:4 | Found Leum's Armour Shop.
 33138 | Shoals:4 | Found a transporter.
 33149 | Shoals:4 | Found a transporter.
 33180 | Shoals:4 | Received a gift from Okawaru
 33228 | Shoals:4 | HP: 1/113 [alligator snapping turtle (20)]
 33959 | Shoals:4 | Identified the staff "Pungick" {rF+ rC- Int+2 Dex+4 Fire}
 34132 | Shoals:4 | Received a gift from Okawaru
 34529 | Shoals:4 | Found Neiceguj's Distillery.
 34712 | Shoals:4 | Noticed a kraken
 35088 | Shoals:4 | Killed a kraken
 35262 | Shoals:4 | Got a barnacled rune of Zot
 35361 | Shoals:4 | Learned a level 3 spell: Teleport Other
 35466 | Snake:1  | Entered Level 1 of the Snake Pit
 35517 | Snake:1  | Received a gift from Okawaru
 36148 | Snake:1  | Reached skill level 10 in Translocations
 36207 | Snake:1  | Learned a level 4 spell: Manifold Assault
 36731 | Snake:2  | Received a gift from Okawaru
 36898 | Snake:2  | Reached XP level 18. HP: 44/119 MP: 23/29
 37668 | Snake:2  | Identified the +10 dagger of the Eel {vamp, Str+2 Dex+5}
 38055 | Snake:3  | Identified the +11 dagger of Extinguishment {elec, Fly
                  | Int+3} (Okawaru gifted it to you on level 3 of the Snake
                  | Pit)
 38055 | Snake:3  | Received a gift from Okawaru
 38076 | Snake:3  | Slain by a salamander tyrant

Illustrated notes

Levels and vault maps discovered:
D:1:      dpeg_arrival_three_bigger_balls, layout_basic, serial_glass,
          glass_columns_b, glass_columns_b, corner_web_ring
D:2:      layout_loops_ring
D:3:      layout_loops_cross, nicolae_ru_the_path_less_chosen,
          nicolae_overflow_ecumenical_swirl, fedhas_ov_isle_minmay,
          gup_sewer_entry_bowl, ebering_ecumenical_altar_mist, uniq_natasha
D:4:      cheibrodos_barr_body, layout_cave_pools, mainiacjoe_overflow_paths,
          nicolae_uskayaw_suspiria, sigmund_edmund_badplayer, uniq_pikel,
          uniq_edmund, uniq_duvessa, uniq_sigmund, uniq_blork_the_orc,
          uniq_menkaure
D:5:      layout_cave_pods, slow_altar_1, minivault_1
D:6:      layout_rooms, uniq_eustachio, uniq_crazy_yiuf_cottage
D:7:      layout_rooms, old_standard_altar, grunt_temple_overflow_open,
          minmay_temple_entry_mini_moons, minmay_misc_feat_secret_circle
D:8:      layout_loops_ring, kennysheep_flooded_box, grunt_ministairs_14,
          bh_walls_and_bars, uniq_maggie
D:9:      layout_cave_pools, gammafunk_temple_overflow_claw, special_room
          [special_room_orc], chequers_serial_rivers_small_a,
          nicolae_island_escapes
D:10:     layout_basic, marbit_many_paths, lemuel_mausoleum_altar_yredelemnul,
          mainiacjoe_overflow_boulevard, hellmonk_lair_entry_icy,
          serial_bayou_ford_a
D:11:     layout_roguey, eino_jars
D:12:     layout_gridville, nicolae_specific_store
D:13:     layout_loops_ring, uniq_maurice
D:14:     layout_loops_ring, hellmonk_vaults_keyhole, minmay_splitting_lines
D:15:     hangedman_depths_entry_try_elsewhere_first, layout_rooms,
          gammafunk_ghost_smash, minmay_tree_intersection, uniq_roxanne
Temple:   nicolae_temple_little_seven
Lair:1:   layout_cave_pods, minivault_11, grunt_forest_small_clearings,
          beast_lair_carwin_1, uniq_gastronok, uniq_erica
Lair:2:   layout_chaotic_city, minmay_shoals_entry_hut,
          alex1729_snake_entry_snake
Lair:3:   layout_chaotic_city, minmay_holes, infiniplex_staircase_pool_2,
          serial_bayou_shore_a
Lair:4:   layout_misc_corridors, slime_entry_1, grunt_megastairs_3, uniq_sonja
Lair:5:   minmay_lair_end_enchanted_forest, layout_long_grid,
          serial_bayou_shore_b, uniq_snorg
Shoals:1: layout_shoals, nicolae_alphabet_shops
Shoals:2: layout_shoals, nicolae_shop_overcharged_wands, uniq_polyphemus
Shoals:3: layout_shoals, nicolae_shoals_dead_sea_scrolls
Shoals:4: shoals_end_hangedman, layout_shoals, serial_shops,
          nicolae_shop_industrial_runoff, shop, shop,
          nicolae_shop_real_fake_doors, shop, gammafunk_ghost_wrathful_warriors,
          nicolae_shop_firing_range, uniq_bai_suzhen, uniq_aizul, uniq_mara
Snake:1:  layout_gridlike
Snake:2:  layout_misc_corridors, grunt_ministairs_7
Snake:3:  layout_onion, nicolae_snake_horde_hoard, nicolae_triple_integral
Orc:1:    layout_caves, serial_shops, nicolae_shop_mannequins
Orc:2:    st_orc_ogre_mass, layout_caves, serial_shops, shop, mines2_david

Skill      XL: |  1  2  3  4  5  6  7  8  9 10 11 12 13 14 15 16 17 18 |
---------------+-------------------------------------------------------+-----
Armour         | 1 2 3 4 5 6 7 8 9 11 12 15 17 19 20 | 20.0
Fighting       | 3 4 5 7 8 9 10 12 13 15 | 15.0
Unarmed Combat | 5 7 9 11 12 14 17 | 17.7
Throwing       | 5 8 |  8.8
Invocations    | 7 10 11 13 15 | 15.0
Translocations | 5 10 11 | 11.5
Dodging        | |  2.4

Action                     |  1- 3 |  4- 6 |  7- 9 | 10-12 | 13-15 | 16-18 || total
---------------------------+-------+-------+-------+-------+-------+-------++-------
  Melee: Unarmed           |   156 |   381 |   482 |   971 |  1506 |  1385 ||  4881
         Punch             |     3 |     8 |    20 |    97 |   182 |   193 ||   503
  Throw: Dart              |       |       |       |     4 |     2 |     6 ||    12
         Javelin           |       |       |       |     5 |     2 |    13 ||    20
         Boomerang         |       |       |       |       |     1 |    11 ||    12
   Cast: Teleport Other    |       |       |       |       |       |     1 ||     1
 Invoke: Heroism           |       |       |       |       |    12 |    17 ||    29
         Finesse           |       |       |       |       |     7 |    12 ||    19
         Duel              |       |       |       |       |       |     1 ||     1
    Use: Scroll            |     1 |     7 |     5 |    11 |    11 |     4 ||    39
         Potion            |       |     5 |       |     8 |     9 |    14 ||    36
   Stab: Sleeping          |     1 |       |       |       |       |       ||     1
         Petrified         |       |       |       |       |       |    11 ||    11
         Petrifying        |       |       |       |       |       |     6 ||     6
 Armour: Ring mail         |    79 |   277 |   345 |   768 |       |       ||  1469
         Chain mail        |       |       |       |   112 |  1141 |  1365 ||  2618
         Skin              |       |       |       |       |    32 |       ||    32
  Dodge: Dodged            |   108 |   226 |   273 |   631 |   616 |   659 ||  2513
  Block: Other             |       |       |       |       |   256 |   286 ||   542
         Reflection        |       |       |       |       |     3 |    15 ||    18

Table legend: (Time is in decaauts)
 A = Elapsed time spent in this place.
 B = Non-inter-level travel time spent in this place.
 C = Inter-level travel time spent in this place.
 D = Time resting spent in this place.
 E = Time spent auto-exploring this place.
 F = Levels seen in this place.
 G = Mean time per level.
                   A        B        C        D        E       F      G
               +--------+--------+--------+--------+--------+-----+--------+
         Total |  36987 |  35463 |   1524 |   9443 |  14817 |  32 | 1155.8 |
       Dungeon |  17947 |  16833 |   1114 |   4277 |   7012 |  15 | 1196.5 |
        Temple |     16 |      3 |     13 |      0 |      0 |   1 |   16.0 |
          Lair |   5784 |   5565 |    219 |    549 |   2840 |   5 | 1156.8 |
        Shoals |   7167 |   7061 |    106 |   2558 |   2837 |   4 | 1791.8 |
     Snake Pit |   2500 |   2476 |     24 |    634 |   1035 |   3 |  833.3 |
  Orcish Mines |   2524 |   2477 |     47 |   1121 |    804 |   2 | 1262.0 |
         Sewer |   1019 |   1019 |      0 |    286 |    289 |   1 | 1019.0 |
         Arena |     26 |     26 |      0 |     18 |      0 |   1 |   26.0 |
               +--------+--------+--------+--------+--------+-----+--------+

Top non-repeatable levels by time:
Shoals:4: 2761 daAuts
Shoals:3: 1779 daAuts
Shoals:2: 1761 daAuts
    D:14: 1742 daAuts
  Lair:5: 1546 daAuts
     D:8: 1518 daAuts
     D:6: 1503 daAuts
     D:5: 1503 daAuts
    D:12: 1475 daAuts
   Orc:1: 1426 daAuts
    D:10: 1340 daAuts
    D:11: 1274 daAuts
  Lair:1: 1262 daAuts
 Snake:1: 1185 daAuts
     D:9: 1137 daAuts
